 Dungeon Crawl Stone Soup version 0.24-a0-530-g18ba70b5 (webtiles) character file.

Game seed: 585060767862731396

4263 Faca the Slicer (level 10, -2/72 HPs)
             Began as a Halfling Abyssal Knight on Aug 7, 2019.
             Was a Believer of Lugonu.
             Slain by Harold
             ... wielding a +1 glaive of flaming
              (4 damage)
             ... on level 8 of the Dungeon.
             The game lasted 00:28:08 (10055 turns).

Faca the Slicer (Halfling Abyssal Knight)          Turns: 10055, Time: 00:28:08

Health: -2/72      AC:  9    Str: 16    XL:     10   Next: 56%
Magic:  14/14      EV: 16    Int: 10    God:    Lugonu [**....]
Gold:   407        SH:  4    Dex: 15    Spells: 9/9 levels left

rFire    . . .     SeeInvis +   B - +1 rapier (holy)
rCold    . . .     Gourm    .   s - +0 buckler
rNeg     . . .     Faith    .   i - +2 leather armour {rPois}
rPois    +         Spirit   .   (no helmet)
rElec    .         Reflect  .   m - +1 cloak
rCorr    .         Harm     .   h - +1 pair of gloves
MR       .....                  (no boots)
Stlth    +.........             (no amulet)
HPRegen  0.22/turn              p - ring of see invisible
MPRegen  0.14/turn              (no ring)

@: no status effects
A: small, mutation resistance 1
a: Depart the Abyss, Bend Space, Renounce Religion


You were on level 8 of the Dungeon.
You worshipped Lugonu.
Lugonu was pleased with you.
You were not hungry.

You visited 1 branch of the dungeon, and saw 8 of its levels.
You visited the Abyss 1 time.

You collected 407 gold pieces.

Inventory:

Hand Weapons
 a - a +2 short sword
 y - a +2 scimitar of flaming
 B - a +1 rapier of holy wrath (weapon)
Armour
 h - a +1 pair of gloves (worn)
 i - a +2 leather armour of poison resistance (worn)
 l - the +4 ring mail of an ossuary {+Inv Int+4 Slay-4}
   (You found it on level 7 of the Dungeon)

   It affects your intelligence (+4).
   It affects your accuracy and damage with ranged weapons and melee attacks
   (-4).
   It lets you turn invisible.
 m - a +1 cloak (worn)
 s - a +0 buckler (worn)
Jewellery
 p - a ring of see invisible (left hand)
Wands
 t - a wand of random effects (5)
 w - a wand of iceblast (6)
 x - a wand of paralysis (11)
Scrolls
 b - 2 scrolls of magic mapping
 d - 2 scrolls of remove curse
 e - 4 scrolls of teleportation
 j - 3 scrolls of enchant armour
 k - 3 scrolls of enchant weapon
 u - 3 scrolls of fear
Potions
 f - a potion of flight
 g - a potion of brilliance
 n - a potion of agility
 o - a potion of haste
 q - 2 potions of magic
 r - 2 potions of lignification
Comestibles
 c - 3 rations


   Skills:
 - Level 8.3 Fighting
 + Level 11.7 Short Blades
 - Level 2.1 Armour
 + Level 5.3 Dodging
 + Level 5.5 Invocations


You had 9 spell levels left.
You didn't know any spells.
Your spell library contained the following spells:

 Spells                   Type           Power        Failure   Level  Hunger
 Animate Skeleton         Necr           N/A          61%         1    ##.....
 Pain                     Necr           #...         61%         1    ##.....
 Shock                    Conj/Air       #...         61%         1    ##.....
 Swiftness                Chrm/Air       #.......     75%         2    ###....
 Regeneration             Chrm/Necr      #.........   93%         3    ####...
 Static Discharge         Conj/Air       #.......     93%         3    ####...
 Vampiric Draining        Necr           #.........   93%         3    ####...
 Airstrike                Air            #.........   100%        4    #####..
 Animate Dead             Necr           N/A          100%        4    #####..
 Lightning Bolt           Conj/Air       #.........   100%        5    ######.


Dungeon Overview and Level Annotations

Branches:
Dungeon (8/15)             Temple (0/1) D:5
   Lair: D:8-11

Altars:
Hepliaklqana
Qazlal
Sif Muna

Shops:
D:5 }   D:8 [

Annotations:
D:5 1 runed translucent door, Crazy Yiuf
D:8 Gastronok, Harold, Joseph


Innate Abilities, Weirdness & Mutations

You are small and have problems with some larger weapons.
You are somewhat resistant to further mutation.


Message History

You climb downwards.
Level annotation: Gastronok, Harold, Joseph
There is a stone staircase leading up here.
Harold casts a spell at you. The harpoon shot hits you.
You are yanked forward by the harpoon shot.
You puncture Harold!
Harold is lightly wounded.
Harold hits you with a +1 glaive of flaming!!
Harold burns you.
You hit Harold.
Harold is lightly wounded.
Harold hits you from afar with a +1 glaive of flaming!
Harold burns you.
* * * LOW HITPOINT WARNING * * *
There is a stone staircase leading up here.
Harold hits you from afar with a +1 glaive of flaming!
* * * LOW HITPOINT WARNING * * *
Harold burns you.
You die...

#.# #.# #.# #.# #.#
####.# #############.#
#.# #....#
.......<......# #.#
#.#### ###############
#.# #.# ####.## #.#
#.....# #.# #.##.# #.#
#@#.# #.# #..# #.# #
##@##########.# ##.
#..# #........#
##.##########.#.#
#.########
#........@......# #.#
#.........##########.#
.##.#...#.### #>...#
............# #.####


You could see Harold.

Vanquished Creatures
  Erica (D:8)
  A two-headed ogre (D:8)
  Pikel (D:7)
  Duvessa (D:6)
  2 water moccasins
  2 ice beasts
  An orc warrior (D:7)
  A phantom (D:8)
  An ogre (D:8)
  A centaur (D:5)
  2 big kobolds (D:7)
  2 bullfrogs
  A wyvern zombie (D:7)
  Dowan (D:6)
  3 scorpions
  8 wights
  2 centaur zombies (D:8)
  2 crimson imps
  A hound (D:7)
  A jelly (D:5)
  3 orc priests
  A centaur skeleton (D:7)
  3 bullfrog skeletons
  3 iguanas (D:6)
  5 orc wizards
  5 worker ants
  A hound skeleton (D:4)
  A worker ant zombie (D:6)
  7 adders
  A shadow imp (D:7)
  An ooze (D:1)
  An adder zombie (D:5)
  A worm (D:4)
  3 dart slugs
  3 leopard geckos
  17 orcs
  A ball python (D:1)
  2 bats (D:1)
  3 giant cockroaches
  8 hobgoblins
  15 jackals
  3 quokkas
  4 frilled lizards
  7 kobolds
  3 rats
137 creatures vanquished.

Vanquished Creatures (others)
  4 slaves (D:7)
4 creatures vanquished.

Grand Total: 141 creatures vanquished

Notes
Turn   | Place    | Note
-------+----------+-------------------------------------------
     0 | Abyss:1  | Faca the Halfling Abyssal Knight began the quest for the
                  | Orb.
     0 | Abyss:1  | Reached XP level 1. HP: 15/15 MP: 2/2
    45 | Abyss:1  | Found a corrupted altar of Lugonu.
   129 | Abyss:1  | Noticed a sixfirhy
   130 | D:1      | Escaped the Abyss
   424 | D:1      | Reached XP level 2. HP: 20/20 MP: 3/3
   557 | D:1      | Reached skill level 3 in Short Blades
   765 | D:1      | Reached * piety under Lugonu
   765 | D:1      | Reached XP level 3. HP: 20/26 MP: 4/4
  1892 | D:3      | Reached XP level 4. HP: 24/31 MP: 5/5
  2210 | D:3      | Reached skill level 4 in Short Blades
  2350 | D:3      | Found a stormy altar of Qazlal.
  2422 | D:3      | Found a hazy altar of Hepliaklqana.
  2459 | D:3      | Noticed a bullfrog
  2469 | D:3      | Killed a bullfrog
  2469 | D:3      | Reached XP level 5. HP: 13/37 MP: 6/6
  3046 | D:4      | Reached skill level 5 in Short Blades
  3382 | D:4      | Reached XP level 6. HP: 44/44 MP: 7/7
  4034 | D:4      | Reached skill level 5 in Fighting
  4034 | D:4      | Reached skill level 6 in Short Blades
  4053 | D:4      | Reached XP level 7. HP: 50/50 MP: 8/8
  4601 | D:5      | Entered Level 5 of the Dungeon
  4601 | D:5      | Found Worghi's Gadget Emporium.
  4699 | D:5      | Reached skill level 7 in Short Blades
  4897 | D:5      | Found a staircase to the Ecumenical Temple.
  4901 | D:5      | Reached XP level 8. HP: 54/57 MP: 9/9
  5047 | D:5      | Found a runed translucent door.
  5048 | D:5      | Noticed Crazy Yiuf
  5188 | D:5      | Found a deep blue altar of Sif Muna.
  5478 | D:6      | Reached skill level 8 in Short Blades
  5948 | D:6      | Reached ** piety under Lugonu
  6292 | D:7      | Noticed Duvessa
  6292 | D:7      | Noticed Dowan
  6461 | D:6      | Killed Duvessa
  6467 | D:6      | HP: 2/90 [Dowan/shard of ice (15)]
  6469 | D:6      | Killed Dowan
  6755 | D:7      | Reached skill level 9 in Short Blades
  6845 | D:6      | Reached XP level 9. HP: 28/64 MP: 10/10
  7841 | D:7      | Got a warped ring mail
  7852 | D:7      | Identified the +4 ring mail of an ossuary {+Inv Int+4
                  | Slay-4} (You found it on level 7 of the Dungeon)
  8072 | D:7      | Noticed Pikel
  8124 | D:7      | Killed Pikel
  8124 | D:7      | Reached skill level 10 in Short Blades
  8807 | D:8      | Noticed Erica
  8825 | D:8      | Killed Erica
  8825 | D:8      | Reached skill level 11 in Short Blades
  8825 | D:8      | Reached XP level 10. HP: 43/72 MP: 11/13
  8955 | D:8      | Noticed a two-headed ogre
  8973 | D:8      | Killed a two-headed ogre
  8973 | D:8      | Reached skill level 5 in Invocations
  9101 | D:8      | Reached skill level 5 in Dodging
  9277 | D:8      | Found Pecupp's Armour Shop.
  9280 | D:8      | Noticed Joseph
  9666 | D:8      | Noticed Gastronok
  9993 | D:8      | Noticed Harold
 10055 | D:8      | HP: 2/72 [Harold/+1 glaive of flaming (16)]
 10055 | D:8      | Slain by Harold

Levels and vault maps discovered:
D:1:      nicolae_arrival_washed_ashore, layout_rooms, minmay_tromino_v2
D:2:      layout_basic
D:3:      layout_basic, lemuel_crystal_altar, nicolae_qazlal_eye_of_the_storm,
          first_ration, minmay_unequal
D:4:      layout_basic, minivault_27, kennysheep_generic_room_2
D:5:      layout_rooms, led_sif_pool, temple_pool_b, serial_shops, shop,
          uniq_crazy_yiuf_cottage
D:6:      layout_cave_pools
D:7:      layout_basic, uniq_pikel, uniq_duvessa
D:8:      layout_loops_ring, nicolae_overflow_hidden_temple, serial_shops,
          nicolae_shop_waterfront, uniq_joseph, uniq_harold, uniq_gastronok,
          uniq_erica

Skill      XL: |  1  2  3  4  5  6  7  8  9 10 |
---------------+-------------------------------+-----
Fighting       | 3 4 5 7 8 |  8.3
Short Blades   | 3 4 5 6 7 9 11 | 11.7
Dodging        | 4 5 |  5.3
Invocations    | 4 5 |  5.5
Armour         | |  2.1

Action                   |  1- 3 |  4- 6 |  7- 9 | 10-12 || total
-------------------------+-------+-------+-------+-------++-------
Melee: Short sword       |   113 |   165 |   363 |    23 ||   664
       Scimitar          |       |     1 |    40 |       ||    41
       Rapier            |       |       |   149 |    48 ||   197
Invok: Depart the Abyss  |     1 |       |       |       ||     1
Evoke: Wand              |       |       |    11 |     9 ||    20
  Use: Potion            |       |     1 |     3 |     1 ||     5
       Scroll            |       |       |    16 |     4 ||    20
 Stab: Invisible         |       |     1 |       |       ||     1
       Paralysed         |       |       |     3 |       ||     3
  Eat: Chunk             |     2 |     4 |     4 |     1 ||    11
       Ration            |       |     1 |     4 |     1 ||     6
Armor: Leather armour    |     3 |       |   101 |    11 ||   115
       Ring mail         |    28 |    45 |    71 |       ||   144
Dodge: Dodged            |    60 |   108 |   314 |    31 ||   513
Block: Buckler           |       |       |    94 |     8 ||   102
       Rpst.: Scimitar   |       |     2 |     8 |       ||    10

Table legend:
 A = Non-vault XP
 B = Vault XP
 C = Vault XP percentage of total XP
 D = Non-vault monster count
 E = Vault monster count
 F = Vault count percentage of total count
                 A         B        C        D         E       F
            +---------+---------+-------+---------+---------+-------
      Total |    4247 |    1843 |  30.3 |     130 |       7 |   5.1
            +---------+---------+-------+---------+---------+-------
        D:1 |      26 |       4 |  13.3 |      12 |       1 |   7.7
        D:2 |      35 |       0 |   0.0 |      11 |       0 |   0.0
        D:3 |     107 |      13 |  10.8 |      12 |       1 |   7.7
        D:4 |     555 |       3 |   0.5 |      16 |       1 |   5.9
        D:5 |     488 |       0 |   0.0 |      16 |       0 |   0.0
        D:6 |     486 |     220 |  31.2 |      20 |       2 |   9.1
        D:7 |    1059 |     685 |  39.3 |      32 |       1 |   3.0
        D:8 |    1491 |     918 |  38.1 |      11 |       1 |   8.3
            +---------+---------+-------+---------+---------+-------
